 Dungeon Crawl Stone Soup version 0.25-a0-513-ge77a69270c (webtiles) character file.

Game seed: 17567825987518152907, levelgen mode: deterministic

172 Error4North the Insei (level 5, -4/47 HPs)
             Began as a Hill Orc Monk on Feb 16, 2020.
             Slain by an orc
             ... wielding a +0 war axe
              (5 damage)
             ... on level 3 of the Dungeon.
             The game lasted 00:11:06 (3098 turns).

Error4North the Insei (Hill Orc Monk)               Turns: 3098, Time: 00:11:07

Health: -4/47      AC:  7    Str: 14    XL:     5   Next: 53%
Magic:  5/5        EV: 19    Int: 10    God:
Gold:   163        SH:  0    Dex: 19    Spells: 4/4 levels left

rFire    . . .     SeeInvis .     - Unarmed
rCold    . . .     Gourm    .   (no shield)
rNeg     . . .     Faith    .   a - +0 robe
rPois    .         Spirit   .   (no helmet)
rElec    .         Reflect  .   i - +2 cloak
rCorr    .         Harm     .   l - +0 pair of gloves
MR       .....                  h - +0 pair of boots
Stlth    +++.......             (no amulet)
HPRegen  0.15/turn              (no ring)
MPRegen  0.09/turn              (no ring)

@: agile
A: no striking features
a: no special abilities


You were on level 3 of the Dungeon.
You were not hungry.

You visited 1 branch of the dungeon, and saw 3 of its levels.

You collected 163 gold pieces.

Inventory:

Hand Weapons
 d - a +0 hunting sling
Missiles
 e - 58 stones (quivered)
Armour
 a - a +0 robe (worn)
 h - a +0 pair of boots (worn)
 i - a +2 cloak (worn)
 l - a +0 pair of gloves (worn)
Wands
 s - a wand of digging (4)
Scrolls
 c - 3 scrolls of remove curse {unknown}
 g - a scroll of enchant weapon {unknown}
 m - a scroll of enchant armour {unknown}
 o - a scroll of immolation {unknown}
 q - 2 scrolls of identify {unknown}
 t - 4 scrolls of teleportation {unknown}
Potions
 f - 2 potions of heal wounds
 k - a potion of degeneration {unknown}
 p - 2 potions of curing {unknown}
 r - a potion of flight {unknown}
Comestibles
 b - 5 rations
 n - 2 chunks of flesh


   Skills:
 * Level 4.7 Fighting
 * Level 0.2 Armour
 * Level 3.1 Dodging
 + Level 2.2 Stealth
 + Level 4.9 Unarmed Combat


You had 4 spell levels left.
You didn't know any spells.
Your spell library was empty.

Dungeon Overview and Level Annotations

Branches:
Dungeon (3/15)

Altars:

Annotations:
D:3 1 transporter


Message History

The orc is severely wounded.
The orc hits you with a +0 war axe. The gnoll closely misses you.
You hit the orc but do no damage.
The orc is severely wounded.
The orc closely misses you.
The gnoll hits you from afar with a +0 halberd!
* * * LOW HITPOINT WARNING * * *
You barely miss the orc.
The orc is severely wounded.
Sorry, you're not good enough to have a special ability.
It was a potion of agility.
You feel agile all of a sudden. The orc misses you.
The gnoll hits you from afar with a +0 halberd!
* * * LOW HITPOINT WARNING * * *
The gnoll barely misses you.
You closely miss the orc.
The orc is severely wounded.
The orc hits you with a +0 war axe.
You die...

...... #. ...... #.
......### #.
......######### ######.
....o##......# #....#.
#..g##......# #....#.
#...##......# #....##
##.og##......####....##
#..ooo@........)+.)....
#...g##......## #....##
#....##......####....##
#....##.............###
#>..............รท......
############........###
#........# ........#
#........# ........#
#........# .


You could see 2 gnolls and 4 orcs.

Vanquished Creatures
  A hound (D:3)
  2 gnolls (D:3)
  4 adders
  2 worms (D:2)
  2 dart slugs (D:1)
  A leopard gecko (D:3)
  6 orcs (D:3)
  3 ball pythons (D:2)
  6 bats
  5 giant cockroaches
  11 goblins
  9 hobgoblins
  6 kobolds
  3 frilled lizards
  10 rats
71 creatures vanquished.

Notes
Turn   | Place    | Note
-------+----------+-------------------------------------------
     0 | D:1      | Error4North the Hill Orc Monk began the quest for the Orb.
     0 | D:1      | Reached XP level 1. HP: 19/19 MP: 1/1
    76 | D:1      | Reached XP level 2. HP: 5/27 MP: 2/2
  1011 | D:1      | Reached XP level 3. HP: 30/33 MP: 3/3
  1782 | D:2      | Reached XP level 4. HP: 35/40 MP: 4/4
  2581 | D:3      | Noticed an ogre
  2919 | D:3      | Reached XP level 5. HP: 40/47 MP: 5/5
  3041 | D:3      | Found a transporter.
  3097 | D:3      | HP: 1/47 [gnoll/+0 halberd (10)]
  3098 | D:3      | Slain by an orc

Levels and vault maps discovered:
D:1:      doesnt_arrival_eight_statues, layout_basic,
          chequers_serial_rivers_micro_b, minmay_tetromino_o4
D:2:      layout_basic, first_ration
D:3:      gammafunk_steamed_eel, layout_basic

Skill      XL: |  1  2  3  4 |
---------------+-------------+-----
Fighting       | 4 |  4.7
Unarmed Combat | 4 |  4.9
Stealth        | 2 |  2.2
Dodging        | 3 |  3.1
Armour         | |  0.2

Action                   |  1- 3 |  4- 6 || total
-------------------------+-------+-------++-------
Melee: Unarmed           |   166 |   156 ||   322
       Punch             |     3 |     8 ||    11
 Fire: Hunting sling     |     1 |     4 ||     5
  Use: Potion            |       |     2 ||     2
 Stab: Sleeping          |     5 |     2 ||     7
  Eat: Chunk             |     3 |     4 ||     7
Armor: Robe              |    26 |    39 ||    65
       Chain mail        |       |    15 ||    15
Dodge: Dodged            |   101 |   104 ||   205

Table legend:
 A = Non-vault XP
 B = Vault XP
 C = Vault XP percentage of total XP
 D = Non-vault monster count
 E = Vault monster count
 F = Vault count percentage of total count
                 A         B        C        D         E       F
            +---------+---------+-------+---------+---------+-------
      Total |     243 |       4 |   1.6 |      69 |       2 |   2.8
            +---------+---------+-------+---------+---------+-------
        D:1 |      39 |       4 |   9.3 |      21 |       2 |   8.7
        D:2 |      85 |       0 |   0.0 |      28 |       0 |   0.0
        D:3 |     119 |       0 |   0.0 |      20 |       0 |   0.0
            +---------+---------+-------+---------+---------+-------
